Map: Disco Bloodbath LE

Players

BackupK (Gerald)

  • Race: Protoss Protoss
  • Spawn Location: 3:00

Elazer - Winner!

  • Race: Zerg Zerg
  • Spawn Location: 9:00

VOD

Have the link to the VOD?

Description

Time

  • Played on: Sept. 6, 2019, 1:04 p.m.
  • Length: 11:31
Show
View Real Time Build Order
Export as new Build Order

BackupK Protoss 

Build Orders: 1 Gate Expand, Zealot Archon, Archon Drop, Dark Templar Rush 

Get SALT Encoding   

  12  0:00  Probe  
  13  0:12  Probe  
  14  0:20  Pylon  
  14  0:25  Probe  
  15  0:28  Assimilator  
  15  0:36  Probe  
  16  0:44  Gateway, Probe  
  17  0:52  Probe  
  18  1:04  Probe  
  19  1:16  Probe  
  20  1:23  Nexus  
  20  1:33  Cybernetics Core  
  20  1:35  Probe  
  21  1:40  Assimilator  
  21  1:47  Probe  
  21  1:51  Pylon  
  22  2:00  Probe  
  23  2:03  Adept  
  23  2:12  Probe  
  26  2:15  Warp Gate  
  26  2:16  Twilight Council  
  26  2:23  Adept  
  26  2:24  Probe  
  27  2:36  Probe  
  27  2:37  Probe  
  31  2:48  Probe  
  31  2:49  Probe  
  31  2:50  Robotics Facility  
  35  3:00  Probe  
  36  3:07  Probe  
  36  3:12  Probe  
  38  3:16  Dark Shrine  
  37  3:20  Probe  
  37  3:24  Gateway x2, Probe  
  38  3:30  Gateway  
  38  3:32  Probe  
  38  3:33  Warp Prism  
  39  3:39  Probe  
  40  3:47  Probe  
  43  3:50  Shield Battery  
  43  3:52  Probe  
  43  3:59  Probe  
  42  4:04  Probe  
  42  4:05  Zealot  
  42  4:08  Pylon  
  42  4:09  Assimilator  
  43  4:10  Assimilator  
  43  4:12  Probe  
  43  4:16  Pylon  
  44  4:18  Probe  
  45  4:29  Dark Templar x3  
  51  4:31  Probe x2  
  51  4:35  Dark Templar  
  55  4:41  Warp Prism  
  57  4:52  Pylon  
  57  5:03  Pylon  
  57  5:11  Archon  
  57  5:18  Archon  
  57  5:19  Pylon  
  57  5:22  Dark Templar x4  
  57  5:25  Probe  
  57  5:26  Archon  
  57  5:27  Archon  
  66  5:33  Gateway x2  
  66  5:34  Gateway  
  66  5:35  Charge  
  66  5:36  Gateway  
  66  5:46  Immortal  
  70  6:11  Pylon, Zealot x3  
  70  6:12  Zealot  
  70  6:16  Immortal  
  70  6:18  Pylon, Probe  
  79  6:29  Pylon  
  83  6:42  Nexus  
  83  6:49  Dark Templar x4  
  91  6:54  Zealot x2  
  91  6:55  Zealot x2  
  99  7:13  Pylon  
  99  7:14  Pylon  
  99  7:16  Pylon  
  99  7:23  Archon  
  99  7:24  Archon  
  99  7:25  Dark Templar  
  101  7:33  Nexus, Dark Templar x3  
  101  7:34  Zealot  
  109  7:37  Archon  
  109  7:38  Zealot, Archon  
  93  8:07  Zealot x5  
  93  8:08  Zealot x3  
  61  8:29  Probe x2  
  63  8:36  Dark Templar x6  
  75  8:44  Probe  
  75  8:45  Probe  
  77  8:51  Probe  
  78  8:57  Probe  
  78  9:00  Dark Templar x2  
  83  9:09  Zealot x5  
  54  9:34  Zealot, Dark Templar x2  
  54  9:35  Zealot x3  
  66  9:39  Archon  
  66  9:45  Dark Templar  
  66  9:51  Zealot  
  64  9:59  Zealot  
  54  10:00  Zealot x2  
  54  10:05  Zealot  
  56  10:11  Zealot  
  53  10:23  Dark Templar x3  
  59  10:28  Dark Templar  
  59  10:34  Archon  
  61  10:36  Archon  
  61  10:41  Dark Templar x2  
  65  10:46  Archon  
  65  11:06  Zealot x6  
Show
View Real Time Build Order
Export as new Build Order

Elazer Zerg - Winner!

Build Orders: Hatch First 

Get SALT Encoding   

  12  0:00  Drone  
  13  0:12  Overlord  
  13  0:16  Drone  
  14  0:31  Drone x2  
  16  0:48  Hatchery  
  15  0:50  Drone  
  15  0:54  Drone  
  17  0:58  Drone  
  18  1:08  Extractor  
  17  1:13  Spawning Pool  
  17  1:16  Drone  
  17  1:19  Drone  
  18  1:28  Drone  
  19  1:39  Drone  
  20  1:50  Drone  
  21  1:59  Queen x2  
  25  2:01  Overlord, Zergling x2  
  26  2:11  Drone, Zergling x2  
  28  2:21  Drone  
  28  2:22  Drone  
  30  2:32  Drone x2  
  32  2:37  Hatchery  
  32  2:39  Queen  
  32  2:43  Metabolic Boost  
  33  2:49  Overlord  
  33  2:51  Zergling x2  
  34  3:02  Drone x2  
  36  3:09  Drone  
  36  3:10  Drone x4  
  41  3:13  Drone  
  41  3:16  Queen  
  43  3:21  Overlord  
  43  3:27  Lair  
  43  3:39  Drone x5  
  43  3:40  Drone x2  
  50  3:42  Extractor  
  50  3:47  Roach Warren, Drone  
  49  3:48  Drone  
  49  3:51  Drone  
  49  3:52  Drone  
  52  4:00  Drone x4  
  52  4:02  Drone  
  54  4:08  Extractor  
  54  4:09  Overlord  
  53  4:12  Drone x2  
  53  4:14  Overlord  
  55  4:19  Overlord  
  55  4:27  Roach  
  55  4:28  Overseer, Roach x3  
  63  4:33  Roach x2  
  63  4:37  Overlord  
  67  4:39  Roach  
  67  4:40  Roach  
  67  4:45  Drone  
  72  4:47  Spore Crawler  
  72  4:52  Roach x2  
  75  4:53  Overlord  
  75  4:55  Drone x2  
  75  4:59  Drone x3  
  80  5:02  Glial Reconstitution  
  80  5:05  Overlord  
  80  5:07  Drone  
  80  5:08  Drone  
  80  5:09  Drone  
  80  5:11  Drone  
  84  5:19  Drone x5  
  84  5:20  Extractor  
  88  5:24  Overlord  
  88  5:27  Overlord  
  88  5:28  Roach x2  
  92  5:31  Roach  
  92  5:35  Roach x2  
  98  5:37  Queen  
  98  5:41  Evolution Chamber, Roach  
  101  5:43  Roach  
  101  5:48  Roach x3  
  109  5:55  Roach x4  
  117  5:59  Roach  
  117  6:00  Roach x2  
  117  6:03  Overseer  
  117  6:07  Roach  
  117  6:11  Zerg Missile Weapons Level 1  
  113  6:14  Overlord x2  
  113  6:19  Overlord, Extractor x2  
  113  6:24  Overlord  
  111  6:29  Overlord x2  
  111  6:32  Hydralisk Den  
  110  6:36  Drone x6  
  116  6:43  Roach x6  
  128  6:47  Overlord  
  128  6:49  Roach x3  
  128  6:54  Overlord  
  134  6:56  Overlord  
  134  6:59  Roach  
  134  7:01  Overlord  
  136  7:05  Grooved Spines  
  136  7:06  Roach x2  
  137  7:12  Roach x3  
  137  7:15  Roach  
  145  7:20  Overlord  
  145  7:24  Overlord  
  145  7:25  Roach x3  
  145  7:28  Ravager x5  
  155  7:32  Roach x2  
  155  7:35  Roach x2  
  163  7:39  Roach  
  163  7:40  Roach  
  163  7:41  Overlord  
  167  7:46  Roach  
  167  7:47  Roach x2  
  167  7:48  Ravager  
  174  8:01  Roach  
  174  8:02  Roach x6  
  169  8:11  Roach x5  
  152  8:15  Roach x2  
  127  8:20  Roach  
  127  8:21  Roach x2  
  127  8:32  Hydralisk x4  
  135  8:35  Zerg Missile Weapons Level 2  
  135  8:38  Hydralisk  
  137  8:44  Drone x2  
  139  8:51  Hydralisk x3  
  139  8:53  Overseer  
  139  8:55  Overlord, Overseer  
  141  9:02  Overseer  
  127  9:03  Overlord  
  127  9:07  Drone x2  
  127  9:08  Drone  
  119  9:12  Drone  
  119  9:15  Drone  
  115  9:19  Drone  
  112  9:26  Roach x2  
  112  9:43  Hatchery  
  112  9:45  Hydralisk x2  
  111  9:51  Hydralisk x2  
  119  9:56  Hydralisk  
  113  10:04  Hydralisk x2  
  107  10:07  Hydralisk  
  105  10:17  Muscular Augments  
  105  10:20  Drone x2  
  105  10:21  Drone  
  100  10:24  Drone x2  
  100  10:26  Drone  
  103  10:37  Hydralisk  
  103  10:38  Hydralisk  
  103  10:42  Queen  
  109  10:46  Roach  
  109  10:47  Roach  
  113  10:50  Roach  
  113  10:52  Roach  
  113  10:55  Roach  
  119  10:59  Roach  
  121  11:08  Roach x3  
Tags
 
Add a new tag
Caveats
  • Supply blocks, unpowered buildings, or Contaminate may cause inaccurate times.
  • Supply counts are checked every 10 seconds.